AoeStats
← Iwwan

Arabian Desert

510261415Analyzed
1v1 RM · 18h ago on Sep 30, 2026· 16m 34s· 2 players
Game mode
Random Map
Map size
Tiny (2 player)
Population
200
Speed
Normal
Resources
Standard
Victory
Conquest
Starting age
Dark Age
Ending age
Imperial Age
RankedLock teamsTeams togetherTeam positionsShared explorationLock speedFull tech treeHidden civsTurbo modeCheats
Victory
Defeat
🇸🇮 Inca · Slovenia
858
+15
🇦🇺 Italians · Australia
839
-33
Iwwan
4:44 Loom
11:14 Feudal Age
11:48 Double-Bit Axe
14:05 Wheelbarrow
Franchesko
0:39 Loom
13:30 Feudal Age
14:13 Champi Runner
14:50 Arson
15:45 Horse Collar
15:59 Double-Bit Axe
Connection lost

Rejoining the realm…

Still unreachable

The connection could not be restored.

Session expired

The server has moved on; the page needs a fresh start.